Cogmind - Beta 15 @@@ ROGUE MODE // 2025.07.26 @ 17:35:50 Player: jumpy Result: Self-destructed Performance ------------- Evolutions (2) 1000 Regions Visited (4) 800 Robots Destroyed (11) 55 Value Destroyed (298) 298 Prototype IDs (0) 0 Alien Tech Used (0) 0 Bonus (205) 205 TOTAL SCORE: 2358 Bonus ------- Follower Combat Kills 223 Friendly Fire -18 Cogmind --------- Core Integrity 496/550 Matter 245/300 Energy 250/250 System Corruption 0% Temperature Cool (92) Movement Walking (190) Ox1 Location -8/Materials Parts ------- > --- POWER (1) -------- Ion Engine > --- PROPULSION (4) --- Aluminum Leg Aluminum Leg > --- UTILITY (3) ------ Large Storage Unit Seismic Detector > --- WEAPON (3) ------- Autogun Autogun Autogun > --- INVENTORY (15) --- Ion Engine Wheel Wheel Improved Heat Sink Small Storage Unit Seismic Detector Medium Armor Plating Autogun Grenade Launcher Peak State ------------ > --- POWER ------------ Ion Engine > --- PROPULSION ------- Aluminum Leg Aluminum Leg Aluminum Leg > --- UTILITY ---------- Large Storage Unit Seismic Detector > --- WEAPON ----------- Autogun Autogun Autogun > --- INVENTORY -------- Ion Engine Wheel Wheel Small Storage Unit Seismic Detector Medium Armor Plating Autogun Grenade Launcher [Rating: 13] Favorites ----------- Power Ion Engine Engine Ion Engine Propulsion Aluminum Leg Leg Aluminum Leg Utility Seismic Detector Device Seismic Detector Storage Large Storage Unit Weapon Autogun Energy Gun Medium Laser Ballistic Gun Autogun Build | -11 -10 -9 -9 -8 ------- Run | Yrd Mat Mat Min Mat Slots Evolved 4 | . . 2 . 2 Power . | . . . . . Propulsion 2 | . . 1 . 1 Utility 1 | . . . . 1 Weapon 1 | . . 1 . . Parts Attached 15 | 8 4 3 . . Power 1 | 1 . . . . Engine 1 | 1 . . . . Core . | . . . . . Reactor . | . . . . . Propulsion 3 | 2 . 1 . . Treads . | . . . . . Leg 3 | 2 . 1 . . Wheel . | . . . . . Hover . | . . . . . Flight . | . . . . . Utility 3 | 2 . 1 . . Device 1 | 1 . . . . Storage 2 | 1 . 1 . . Processor . | . . . . . Hackware . | . . . . . Protection . | . . . . . Artifact . | . . . . . Weapon 8 | 3 4 1 . . Energy Gun 5 | 3 2 . . . Energy Cannon . | . . . . . Ballistic Gun 3 | . 2 1 . . Ballistic Cannon . | . . . . . Launcher . | . . . . . Special Weapon . | . . . . . Impact Weapon . | . . . . . Slashing Weapon . | . . . . . Piercing Weapon . | . . . . . Special Melee Weapon . | . . . . . Unidentified Prototypes . | . . . . . Parts Lost 1 | . . . . 1 Power . | . . . . . Propulsion 1 | . . . . 1 Utility . | . . . . . Weapon . | . . . . . Highest Loss Streak 1 | . . . . 1 To Critical Strikes . | . . . . . Average Backups 7 | 2 7 7 9 9 Power . | . 1 1 1 1 Propulsion 1 | 1 2 2 2 2 Utility 2 | . 2 2 4 4 Weapon 1 | . 2 2 2 2 Tool/Special . | . . . . . Unused Backups 11 | 1 2 . . 8 Power 1 | . . . . 1 Propulsion 2 | . . . . 2 Utility 5 | 1 1 . . 3 Weapon 3 | . 1 . . 2 Tool/Special . | . . . . . Average Slot Usage (%) 96 | . 100 91 100 81 Engine 11 | . 14 11 11 9 Leg 29 | . 28 24 33 27 Device 11 | . 14 11 11 9 Storage 11 | . 14 11 11 9 Energy Gun 3 | . 15 . . . Ballistic Gun 27 | . 12 33 33 27 Peak Build Rating 13 | 8 10 13 13 13 Average Rating 10 | 5 8 11 13 12 On Entrance 8 | . 7 10 13 13 Naked Turns . | . . . . . Heaviest Build 35 | 14 17 35 35 35 Greatest Support 30 | 20 20 30 30 30 Greatest Overweight (x) 1 | . . 1 1 1 Average Overweight (x) . | . . . 1 1 Largest Inventory Capacity 15 | 8 8 15 15 15 Average Capacity 12 | 7 8 11 15 15 Most Carried 9 | 6 8 9 9 9 Average Carried 7 | 2 7 7 9 9 Final Capacity 15 | 8 8 15 15 15 Final Carried 9 | 6 8 9 9 9 Class Distribution -------------------- 66% | Gunner 33% | Mutant Dominant Class ---------------- Mutant | -10/Materials Gunner | -9/Materials Gunner | -9/Mines Gunner | -8/Materials Resources | -11 -10 -9 -9 -8 ----------- Run | Yrd Mat Mat Min Mat Matter Collected 509 | 280 . 94 87 48 Remotely . | . . . . . Salvage Created 391 | 178 14 133 19 47 Parts 23 | 13 1 6 1 2 Haulers Intercepted . | . . . . . Recyclers Shooed . | . . . . . Parts Field Recycled . | . . . . . Retrieved Matter . | . . . . . Parts Self-Destructed . | . . . . . Prevented . | . . . . . Kills | -11 -10 -9 -9 -8 ------- Run | Yrd Mat Mat Min Mat Combat Hostiles Destroyed 4 | . . 3 . 1 Guns 4 | . . 3 . 1 Classes Destroyed 4 | 2 1 1 . . Worker 2 | . 1 . 1 . Tunneler 4 | 4 . . . . Recycler 1 | 1 . . . . Grunt 4 | . . 3 . 1 Best Kill Streak 3 | 2 1 3 1 1 Combat Bots Only 3 | . . 3 . 1 Max Kills in Single Turn 1 | 1 1 1 1 1 Gunslinging . | . . . . . Exploded . | . . . . . Melee . | . . . . . Uniques/NPCs Destroyed . | . . . . . Combat | -11 -10 -9 -9 -8 -------- Run | Yrd Mat Mat Min Mat Hostile Shots Fired 40 | . . 25 . 15 Missed 19 | . . 12 . 7 Hits 21 | . . 13 . 8 Projectile 21 | . . 13 . 8 Damage Taken 349 | . . 149 . 200 Core 81 | . . 27 . 54 Absorbed by Shields . | . . . . . Core Remaining (%) 97 | 100 100 . 93 . Volleys Fired 27 | 9 3 5 1 9 Largest 3 | 2 2 3 3 3 Hottest 90 | 90 90 69 69 69 Shots Fired 69 | 18 6 15 3 27 Gun 69 | 18 6 15 3 27 Cannon . | . . . . . Launcher . | . . . . . Special . | . . . . . Kinetic 45 | . . 15 3 27 Thermal 24 | 18 6 . . . Explosive . | . . . . . Electromagnetic . | . . . . . Robot Hit Streak 8 | 8 1 3 1 4 Robot Miss Streak 7 | 1 4 7 1 4 Penetration Max . | . . . . . Secondary Targets . | . . . . . Shots Hit Robots 37 | 13 1 7 1 15 Core Hits 17 | 6 1 4 1 5 Critical Kills . | . . . . . Critical Parts Destroyed 1 | . . . . 1 Critical Strikes 1 | . . . . 1 Destroy 1 | . . . . 1 Melee Attacks . | . . . . . Impact . | . . . . . Slashing . | . . . . . Piercing . | . . . . . Sneak Attacks . | . . . . . Combat Hostiles . | . . . . . Follow-up Attacks . | . . . . . Damage Inflicted 571 | 156 12 128 14 261 Guns 571 | 156 12 128 14 261 Cannons . | . . . . . Explosions . | . . . . . Melee . | . . . . . Ramming . | . . . . . Kinetic 403 | . . 128 14 261 Thermal 168 | 156 12 . . . Explosive . | . . . . . Electromagnetic . | . . . . . Impact . | . . . . . Slashing . | . . . . . Piercing . | . . . . . Highest Corruption 2 | . 2 . . . Average Corruption 2 | . 2 . . . Corruption Purged . | . . . . . Corruption Blocked . | . . . . . Effects 1 | . 1 . . . Matter Fused 1 | . 1 . . . Overload Shots . | . . . . . Overflow Damage . | . . . . . Projectiles . | . . . . . Explosions . | . . . . . Melee . | . . . . . Knockbacks . | . . . . . Impact . | . . . . . Kinetic . | . . . . . Secondary . | . . . . . Self-Inflicted Damage . | . . . . . Shots . | . . . . . Rammed . | . . . . . Targets Rammed . | . . . . . Kicked . | . . . . . Crushed . | . . . . . Highest Temperature 94 | 90 90 94 22 92 Average Temperature 38 | 34 48 47 16 34 Received Heat Transfer 189 | . . 84 . 105 Siege Activations . | . . . . . Martial Activations . | . . . . . Shielding Activations . | . . . . . Robots Disrupted . | . . . . . Combat Hostiles . | . . . . . Robots Corrupted . | . . . . . Combat Hostiles . | . . . . . Parts Fried . | . . . . . Impact Corruptions . | . . . . . Robots Melted . | . . . . . Combat Hostiles . | . . . . . Parts Melted 1 | 1 . . . . Heat Transferred 458 | 433 25 . . . Parts Sabotaged . | . . . . . Parts Stolen . | . . . . . Parts Stripped . | . . . . . Power Chain Reactions . | . . . . . Alert | -11 -10 -9 -9 -8 ------- Run | Yrd Mat Mat Min Mat Maximum Alert Level 1 | . . . . 1 Low Security (%) 92 | 100 100 100 100 15 Level 1 7 | . . . . 84 Level 2 . | . . . . . Level 3 . | . . . . . Level 4 . | . . . . . Level 5 . | . . . . . High Security . | . . . . . Max Security . | . . . . . Peak Influence 238 | 10 . 70 81 238 Initial 18 | . . . 15 18 Average 24 | 1 . 21 11 201 Influence Increases 486 | 25 5 79 86 291 Destroy 0b10 Robot/C 220 | . . 60 60 100 Destroy 0b10 Robot/NC 35 | 25 5 . 5 . Destroy Leader 40 | . . 10 10 20 Allied During Kill 32 | . . . 11 21 Successful Hack 9 | . . 9 . . Anti-Garrison Action 150 | . . . . 150 Influence Decreases 265 | 25 5 39 77 119 Entered New Map 56 | . . . 25 31 Time Decay 161 | 25 5 39 52 40 Lost Part 10 | . . . . 10 Lost Ally 38 | . . . . 38 Squads Dispatched 5 | . . 1 . 4 Investigation 1 | . . 1 . . Extermination . | . . . . . Reinforcement 1 | . . . . 1 Assault 2 | . . . . 2 Garrison 1 | . . . . 1 Intercept . | . . . . . Searches Triggered . | . . . . . Construction Impeded . | . . . . . Haulers Reinforced . | . . . . . Active Scanning Responses . | . . . . . Cargo Convoy Interrupts . | . . . . . Stealth | -11 -10 -9 -9 -8 --------- Run | Yrd Mat Mat Min Mat Distress Signals . | . . . . . Communications Jammed . | . . . . . Distress Signals . | . . . . . Times Spotted 26 | . 2 5 2 17 Peak Tracking Total 10 | . 1 3 3 10 Tactical Retreats . | . . . . . Traps | -11 -10 -9 -9 -8 ------- Run | Yrd Mat Mat Min Mat Traps Triggered 2 | . 2 . . . Indirectly . | . . . . . Trap Hack Attempts . | . . . . . Triggered . | . . . . . Disarmed . | . . . . . Reprogrammed . | . . . . . Reused . | . . . . . Traps Extracted . | . . . . . Installed . | . . . . . Triggered . | . . . . . Machines | -11 -10 -9 -9 -8 ---------- Run | Yrd Mat Mat Min Mat Machines Disabled 1 | . . . . 1 Max in Single Turn . | . . . . . Garrison Access 1 | . . . . 1 Machines Repaired . | . . . . . Machines Dismantled . | . . . . . Machines Sabotaged . | . . . . . Overloaded Fab Kills . | . . . . . Hacking | -11 -10 -9 -9 -8 --------- Run | Yrd Mat Mat Min Mat Machines Accessed 3 | . 1 2 . . Terminals 3 | . 1 2 . . Fabricators . | . . . . . Repair Stations . | . . . . . Recycling Units . | . . . . . Scanalyzers . | . . . . . Garrison Access . | . . . . . Total Hacks 7 | . 1 6 . . Successful 4 | . . 4 . . Failed 3 | . 1 2 . . Catastrophic . | . . . . . Database Lockouts . | . . . . . Manual 1 | . 1 . . . Terminals 7 | . 1 6 . . Fabricators . | . . . . . Repair Stations . | . . . . . Recycling Units . | . . . . . Scanalyzers . | . . . . . Garrison Access . | . . . . . Terminal Hacks 4 | . . 4 . . Emergency Access Points 1 | . . 1 . . Dispatch Records 1 | . . 1 . . Maintenance Status 1 | . . 1 . . Hauler Manifests 1 | . . 1 . . Fabricator Hacks . | . . . . . Repair Station Hacks . | . . . . . Recycling Unit Hacks . | . . . . . Scanalyzer . | . . . . . Garrison Access Hacks . | . . . . . Unauthorized Hacks . | . . . . . Terminals . | . . . . . Fabricators . | . . . . . Repair Stations . | . . . . . Recycling Units . | . . . . . Scanalyzers . | . . . . . Garrison Access . | . . . . . Data Cores Recovered . | . . . . . Used . | . . . . . Hacking Detections 3 | . 1 2 . . Full Trace Events 1 | . . 1 . . Feedback Events . | . . . . . Feedback Blocked . | . . . . . Robot Schematics Acquired . | . . . . . Robots Built . | . . . . . Authchips . | . . . . . Time . | . . . . . Total Robot Build Rating . | . . . . . Part Schematics Acquired . | . . . . . Parts Built . | . . . . . Authchips . | . . . . . Time . | . . . . . Total Part Build Rating . | . . . . . Parts Repaired . | . . . . . Time . | . . . . . Parts Recycled . | . . . . . Recycled Matter . | . . . . . Retrieved Matter . | . . . . . Retrieved Components . | . . . . . Parts Scanalyzed . | . . . . . Part Schematics Acquired . | . . . . . Parts Damaged . | . . . . . Bothacking | -11 -10 -9 -9 -8 ------------ Run | Yrd Mat Mat Min Mat Used RIF Installer . | . . . . . Robots Hacked . | . . . . . Non-combat . | . . . . . Combat . | . . . . . Robot Hacks Applied . | . . . . . Relay Couplers Released 1 | . . . . 1 Machine Destruction 1 | . . . . 1 Fabnet Peak Effective % . | . . . . . Robots Rewired . | . . . . . Allies Hacked . | . . . . . Hacks Repelled . | . . . . . Allies | -11 -10 -9 -9 -8 -------- Run | Yrd Mat Mat Min Mat Total Allies 4 | . . . 4 . Largest Group 4 | . . . 4 4 Highest-Rated Group 71 | . . . 71 71 Highest-Rated Ally 31 | . . . 31 31 Total Orders . | . . . . . Ally Attacks 52 | . . . 20 32 Total Damage 546 | . . . 152 394 Kills 7 | . . . 3 4 Allies Corrupted . | . . . . . Allies Melted . | . . . . . Intel | -11 -10 -9 -9 -8 ------- Run | Yrd Mat Mat Min Mat Active Infowar (turns) 1020 | 78 209 149 492 92 Seismic 1020 | 78 209 149 492 92 Robot Analysis Total . | . . . . . Derelict Logs Recovered 2 | . . . 2 . Drone Launches . | . . . . . Drone Recoveries . | . . . . . Exploration | -11 -10 -9 -9 -8 ------------- Run | Yrd Mat Mat Min Mat Turns Passed 1113 | 170 210 149 492 92 Spaces Moved 628 | 109 142 95 247 35 Core 10 | 10 . . . . Treads . | . . . . . Legs 618 | 99 142 95 247 35 Wheels . | . . . . . Hover . | . . . . . Flight . | . . . . . Fastest Speed 50 | 50 120 120 190 190 Average Speed 153 | 113 120 139 190 190 Slowest Speed 190 | 120 120 190 190 190 Overloaded Moves . | . . . . . Propulsion Burnouts . | . . . . . Robots Hopped . | . . . . . Potential Cave-ins . | . . . . . Cave-ins Triggered . | . . . . . Exploration Rate (%) 22 | 4 22 13 67 5 Regions Visited 4 Branch Regions 1 Pre-discovered Areas . | . . . . . Known Exits Taken . | . . . . . Unknown Exits Taken 4 | 1 1 1 1 . Scrap Searched 1 | . . . 1 . Spaces Dug . | . . . . . Terrain Destroyed . | . . . . . Melee . | . . . . . Projectile . | . . . . . AOE . | . . . . . Terrain Rammed . | . . . . . Walls Destroyed . | . . . . . Machines Disabled . | . . . . . Actions | -11 -10 -9 -9 -8 --------- Run | Yrd Mat Mat Min Mat Total 725 | 133 176 103 268 45 Wait 37 | . 15 . 21 1 Move 624 | 108 141 94 246 35 Hop . | . . . . . Pick Up 13 | 7 5 1 . . Fast Attach 10 | 7 2 1 . . Attach 1 | . . 1 . . Detach . | . . . . . Swap 7 | 1 5 1 . . Drop 6 | 1 5 . . . Fire 27 | 9 3 5 1 9 Melee . | . . . . . Ram . | . . . . . Kick . | . . . . . Crush . | . . . . . Escape Stasis . | . . . . . Rewire . | . . . . . Trap . | . . . . . Miscellaneous . | . . . . . Route ------- -11/Scrapyard -10/Materials -9/Materials -9/Mines -8/Materials History --------- Turn | Location | Event 5 | -11/Scrapyard | Discovered new exit (range 15) 171 | -11/Scrapyard | Entered Materials 307 | -10/Materials | Discovered new exit (range 9) 315 | -10/Materials | Build established: Mutant 381 | -10/Materials | Entered another Materials area 381 | -9/Materials | Evolved 2 slots: Propulsion x1, Weapon x1 491 | -9/Materials | Discovered new exit (range 16) 530 | -9/Materials | Entered Mines 584 | -9/Mines | Assisted by bots powering up and referring to "LRC-V3" 691 | -9/Mines | Build established: Gunner 714 | -9/Mines | Learned Materials emergency access door positions 718 | -9/Mines | Learned Materials terminal intel 1004 | -9/Mines | Discovered new exit (range 8) 1015 | -9/Mines | Received a Mining Laser from a helpful Derelict 1022 | -9/Mines | Entered Materials 1022 | -8/Materials | Accompanied by 4 allies 1022 | -8/Materials | Evolved 2 slots: Propulsion x1, Utility x1 1023 | -8/Materials | Garrison activated, responded to threat 1024 | -8/Materials | Loaded intel: 12 terminal locations 1114 | -8/Materials | Self-destructed Last Messages --------------- 01043_ G-47 Trooper destroyed. 01044_ R-06 Scavenger collects Heat Sink. 01045_ Acquired 47 matter. 01047_ Acquired 1 matter. 01047_ R-06 Scavenger collects Lgt. Treads. 01051_ R-06 Scavenger collects Imp. Ion Engine. 01055_ R-06 Scavenger collects Lgt. Armor Plating. 01099_ C-30 ARC bursts open, deploying its payload. 01099_ G-50 Soldier unfolds itself. 01099_ G-47 Trooper unfolds itself. 01099_ M-28 Smith unfolds itself. 01100_ C-30 ARC bursts open, deploying its payload. 01100_ G-50 Soldier unfolds itself. 01100_ G-47 Trooper unfolds itself. 01100_ L-31 Rogue unfolds itself. 01102_ Trooper 2a suffers critical hit (Burn). 01102_ HL-5Q6(g) suffers critical hit (Burn). 01105_ G-47 Trooper destroyed. 01113_ G-50 Soldier suffers critical hit (Burn). 01113_ Aluminum Leg destroyed. Map ----- +----------------------------------------------------+ | ???????????????????????????????????????????? | | ?????????????????????T?????????????????????? | | ???????????????????????????????????????????? | | ???????????????????????????????????????????? | | ???????????????????????????????????????????? | | ???????????????????????????????????????????? | | ???????????????????????????????????????????? | | ???????????????????????????????????????????? | | ???????????????????????????????????????????? | | ???????????????????????????????????????????? | | ???????????????????????????????????????????? | | ???????????????????????????????????????????? | | ???????????????????????????????????????????? | | ???????????????????????????????????????????? | | ???????????????????????????????????????????? | | ???????????????????????????????????????????? | | ???????????????????????????????????????????? | | ????????????????#######????????????????????? | | ??????????????### #????????????????????? | | ??????????????? g #????????????????????? | | ???????????????g " #????????????????????? | | ????????????????% m #????????????????????? | | ????????????????? glg ?????????????????????? | | ?????????????????#ggg#?????????????????????? | | ?????????????????#= i#?????????????????????? | | ?????????????????# @g#?????????????????????? | | ?????????????????# #?????????????????????? | | ?????????????????# #?????????????????????? | | ?????????????????# m #?????????????????????? | | ?????????????????# #?????????????????????? | | ?????????????????# #?????????????????????? | | ??????????#??????#g #?????????????????????? | | ??????????# "????# #?????????????????????? | | ??????????#[ " ??# #?????????????????????? | | ??????????# # #?????????????????????? | | ??????????# + #?????????????????????? | | ??????????######## o#?????????????????????? | | ?????????## ! #?????????????????????? | | ?????????#" / #?????????????????????? | | ?????????#T #?????????????????????? | | ?????????#" """ #?????????????????????? | | ???????#### """ ##?????????????????????? | | ???????#""" """ #??????????????????????? | | ???????#"R #??????????????????????? | | ???????#""" = ! #??????????????????????? | | ???????#""" *" % #???? ????????????????? | | ???????#### !%"G"% #??""" ????????????????? | | ??????????# [ " %=# """ ????????????????? | | ??????????# =[ + """?????????????????? | | ??????????#] [ #??????????????????????? | +----------------------------------------------------+ Best States ------------- Heat Dissipation 31 Energy Generation 10 Energy Capacity 250 Matter Stores 300 Matter Capacity 300 Sight Range 16 Terrain Scan Density 10 Evasion (%) 55 Item Schematics ----------------- None Robot Schematics ------------------ None Fabricated ------------ Nothing Repaired ---------- Nothing Alien Tech Used ----------------- None Achievements -------------- None Challenges ------------ None Game ------ Seed StrikeReflectiveExoskeleton Manual? 0 Play Time 00:05:29 Cumulative 190.2 hours Start 2025.07.26 @ 17:31:08 End 2025.07.26 @ 17:35:50 Sessions 1 Manual Loads 0 Difficulty Rogue Special Mode None Game No. 462 Rogue 462 Adventurer 0 Explorer 0 Win Type - Total 8 Types 6/0/1/1/0/0/0/0/0/0 Lore% 74 Gallery% 66 Achievement% 51 Wizard Run 0 Options --------- Layout 0 ASCII 0 Keyboard 0 Movement Numpad Keybinds 0 Fullscreen 2 Font 18/Terminus Map View 76x50 Zoom Use 0% Tactical HUD 1 Map Filters NONE Filters SATURATION(100) Steam 1 RUN: af582276-1e83-4e90-b3f5-f0ae38df46ad